 Dungeon Crawl Stone Soup version 0.22.1-2-g9c5b331383 (console) character file.

3021 sraptak the Cleaver (level 9, 82/82 HPs)
             Began as a Minotaur Berserker on Nov 25, 2018.
             Was an Elder of Trog.
             Quit the game on level 8 of the Dungeon on Jan 6, 2019.
             The game lasted 01:24:28 (8925 turns).

sraptak the Cleaver (Minotaur Berserker)            Turns: 8925, Time: 01:24:28

Health: 82/82      AC: 21    Str: 23    XL:     9   Next: 55%
Magic:  8/8        EV:  9    Int:  4    God:    Trog [****..]
Gold:   209        SH:  0    Dex: 19    Spells: 8/8 levels left

rFire    . . .     SeeInvis .   a - +0 war axe
rCold    . . .     Gourm    .   (no shield)
rNeg     . . .     Faith    .   N - +8 chain mail of the Komodo Dragon {*Contam Dex+7}
rPois    .         Spirit   .   (helmet restricted)
rElec    .         Reflect  .   Q - +0 cloak
rCorr    .         Harm     .   (no gloves)
MR       .....                  x - +0 pair of boots
Stlth    ..........             i - amulet of the acrobat
HPRegen  0.23/turn              D - ring of stealth
MPRegen  0.11/turn              (no ring)

@: no status effects
A: retaliatory headbutt, horns 2
a: Berserk, Trog's Hand, Brothers in Arms, Renounce Religion


You were on level 8 of the Dungeon.
You worshipped Trog.
Trog was greatly pleased with you.
You were hungry.

You visited 1 branch of the dungeon, and saw 8 of its levels.

You collected 539 gold pieces.
You spent 330 gold pieces at shops.

Inventory:

Hand Weapons
 a - a +0 war axe (weapon)
 b - a +0 hunting sling
 f - a +2 whip of electrocution
 M - a +2 hunting sling of flaming
Missiles
 h - 38 sling bullets
 k - 12 tomahawks
 l - 194 stones (quivered)
 P - 37 arrows
Armour
 n - a +2 ring mail of fire resistance
 v - a scarf of resistance
 w - a +0 chain mail
 x - a +0 pair of boots (worn)
 F - a +0 cloak
 N - the +8 chain mail of the Komodo Dragon (worn) {*Contam Dex+7}
   (You found it on level 8 of the Dungeon)

   It affects your dexterity (+7).
   It causes magical contamination when unequipped.
 Q - a +0 cloak (worn)
Jewellery
 i - an amulet of the acrobat (around neck)
 D - a ring of stealth (left hand)
Wands
 s - a wand of acid (19)
 G - a wand of flame (52)
 K - a wand of iceblast (6)
Scrolls
 d - 7 scrolls of teleportation
 e - 3 scrolls of immolation {unknown}
 j - 3 scrolls of identify
 o - 4 scrolls of remove curse
 r - a scroll of fear {unknown}
 u - a scroll of fog {unknown}
 y - 3 scrolls of noise {unknown}
 A - 4 scrolls of enchant armour {unknown}
 C - a scroll of amnesia {unknown}
 I - a scroll of random uselessness {unknown}
 O - a scroll of enchant weapon {unknown}
 R - a scroll of blinking {unknown}
Potions
 g - 2 potions of magic
 m - a potion of ambrosia {unknown}
 p - 3 potions of lignification
 q - a potion of heal wounds {unknown}
 t - 3 potions of agility
 z - a potion of flight {unknown}
 B - a potion of invisibility {unknown}
 E - a potion of might {unknown}
 H - 4 potions of curing
 J - a potion of degeneration {unknown}
 L - a potion of berserk rage
Comestibles
 c - 14 rations


   Skills:
 + Level 8.8 Fighting
 * Level 11.6 Axes
 + Level 8.3 Armour
 - Level 2.1 Dodging


You had 8 spell levels left.
You didn't know any spells.
Your spell library was empty.

Dungeon Overview and Level Annotations

Branches:
Dungeon (8/15)             Temple (0/1) D:7
   Lair: D:8-11

Altars:
Cheibriados
Elyvilon
Gozag
Hepliaklqana
Ru
Wu Jian
Yredelemnul
Zin
The Shining One

Shops:
D:7 [(}??   D:8 %


Innate Abilities, Weirdness & Mutations

You reflexively headbutt those who attack you in melee.
You have a pair of horns on your head.


Message History

Done exploring.
Search for what [? for help]? .
Things that are here:
a scale mail; a dagger You see here a bloodstained chain mail.
N - a bloodstained chain mail Wear which item? (? for menu, Esc to quit)
You start removing your armour.
You continue taking off your +0 chain mail. x4
You finish taking off your +0 chain mail.
You start putting on your armour.
You continue putting on your bloodstained chain mail. x5
You finish putting on the +8 chain mail of the Komodo Dragon {*Contam Dex+7}.
Warning: Bad travel_delay: -5 < -1 (~/.crawlrc:100) Welcome back, sraptak the Minotaur Berserker.
Trog says: Kill them all!
Press ? for a list of commands and other information.
Quiver which item? (- for none, * to show all) (? for menu, Esc to quit)
Okay, then.
Are you sure you want to abandon this character and quit the game? (Confirm

##...#.....................#.##..
.+...####..#####.###..####.#.####
##....###..#####.###............#
#.......#..##.........####.#.##.#
...............................>.
....#.#......<.............^....#
......#....#..##.###.............
#.###............###.#........#.#
...##......#....@.............#.#
...##............###.#........#.#
#..........#....[# #.#.##.....[.#
#...........[..#####.#.##....##.#
#..##.#....#.#..))...............
#...#......#.....................
#....................#####..###.#
#...#.##.............#####.......
#...........................###.#


There were no monsters in sight!

Vanquished Creatures
  Joseph (D:7)
  A hungry ghost (D:7)
  2 ice beasts
  An orc warrior (D:8)
  A hornet zombie (D:8)
  A black bear (D:8)
  4 ogres
  4 centaurs
  4 bullfrogs
  A wyvern skeleton (D:8)
  2 scorpions (D:7)
  2 howler monkeys
  3 crimson imps
  A hound (D:4)
  5 orc priests
  An orc wizard (D:4)
  A bullfrog skeleton (D:5)
  Terence (D:3)
  4 iguanas
  5 worker ants
  A hound skeleton (D:4)
  A mummy (D:8)
  Robin (D:2)
  9 gnolls
  6 adders
  2 shadow imps (D:7)
  2 oozes
  2 adder zombies
  5 worms
  2 dart slugs
  2 leopard geckos
  27 orcs
  5 bats
  5 giant cockroaches
  10 goblins
  12 hobgoblins
  24 jackals
  A quokka (D:7)
  2 ball pythons
  4 frilled lizards
  10 kobolds
  A quokka skeleton (D:5)
  11 rats
190 creatures vanquished.

Notes
Turn   | Place    | Note
-------+----------+-------------------------------------------
     0 | D:1      | sraptak the Minotaur Berserker began the quest for the Orb.
     0 | D:1      | Reached XP level 1. HP: 19/19 MP: 0/0
   171 | D:1      | Reached skill level 4 in Axes
   172 | D:1      | Reached XP level 2. HP: 27/27 MP: 1/1
   549 | D:1      | Reached XP level 3. HP: 33/33 MP: 2/2
   636 | D:1      | Reached ** piety under Trog
  1208 | D:2      | Noticed Robin
  1223 | D:2      | Killed Robin
  1223 | D:2      | Reached XP level 4. HP: 32/41 MP: 3/3
  1502 | D:2      | Reached skill level 5 in Axes
  2105 | D:3      | Noticed Terence
  2115 | D:3      | Killed Terence
  2393 | D:3      | Reached XP level 5. HP: 47/47 MP: 4/4
  2471 | D:3      | Reached *** piety under Trog
  2824 | D:4      | Reached skill level 5 in Fighting
  2824 | D:4      | Reached skill level 6 in Axes
  2884 | D:4      | Noticed an ogre
  2887 | D:4      | Reached XP level 6. HP: 56/56 MP: 5/5
  3090 | D:4      | Reached skill level 7 in Axes
  3357 | D:4      | Found an opulent altar of Gozag.
  3365 | D:4      | Found a white marble altar of Elyvilon.
  3370 | D:4      | Found a glowing silver altar of Zin.
  3469 | D:4      | Reached XP level 7. HP: 54/62 MP: 6/6
  3834 | D:5      | Entered Level 5 of the Dungeon
  3877 | D:5      | Reached skill level 5 in Armour
  4609 | D:6      | Reached **** piety under Trog
  4633 | D:6      | Reached skill level 8 in Axes
  5156 | D:6      | Reached XP level 8. HP: 71/71 MP: 7/7
  5691 | D:6      | Reached skill level 9 in Axes
  6017 | D:7      | Found Zinkaf's Antique Armour Boutique.
  6543 | D:7      | Bought a pair of boots for 162 gold pieces
  6557 | D:7      | Found Vafamih's Weapon Shop.
  6562 | D:7      | Bought a +0 war axe for 52 gold pieces
  6562 | D:7      | Bought a +0 hunting sling for 22 gold pieces
  6562 | D:7      | Bought a +0 war axe for 52 gold pieces
  6572 | D:7      | Found Jexeus's Gadget Emporium.
  6611 | D:7      | Reached skill level 10 in Axes
  6621 | D:7      | Found a glowing golden altar of the Shining One.
  6624 | D:7      | Found a sacrificial altar of Ru.
  6664 | D:7      | Found Iqukie's Magic Scroll Shop.
  6670 | D:7      | Bought a scroll of remove curse for 42 gold pieces
  6845 | D:7      | Reached XP level 9. HP: 81/81 MP: 8/8
  6905 | D:7      | Found Givvuyss's Magic Scroll Boutique.
  7064 | D:7      | Found a staircase to the Ecumenical Temple.
  7142 | D:7      | Noticed Joseph
  7155 | D:7      | Killed Joseph
  7684 | D:8      | Reached skill level 11 in Axes
  7990 | D:8      | Found a basalt altar of Yredelemnul.
  8041 | D:8      | Found Reshra Qiecs's Food Boutique.
  8041 | D:8      | Found an ornate altar of the Wu Jian Council.
  8401 | D:8      | Found a hazy altar of Hepliaklqana.
  8718 | D:8      | Found a snail-covered altar of Cheibriados.
  8914 | D:8      | Got a bloodstained chain mail
  8925 | D:8      | Identified the +8 chain mail of the Komodo Dragon {*Contam
                  | Dex+7} (You found it on level 8 of the Dungeon)
  8925 | D:8      | Quit the game

Skill      XL: |  1  2  3  4  5  6  7  8  9 |
---------------+----------------------------+-----
Axes           | 4 5 6 7 8 10 11 | 11.6
Fighting       | 4 5 6 7 8 |  8.8
Armour         | 3 4 6 7 8 |  8.3
Dodging        | |  2.1

Action                   |  1- 3 |  4- 6 |  7- 9 || total
-------------------------+-------+-------+-------++-------
Melee: Hand axe          |    89 |    66 |       ||   155
       Headbutt          |    11 |    14 |    41 ||    66
       War axe           |       |    38 |   202 ||   240
 Fire: Hunting sling     |       |    77 |   114 ||   191
Throw: Stone             |    38 |    23 |    20 ||    81
Invok: Berserk           |     3 |     3 |     8 ||    14
  Use: Scroll            |       |       |    10 ||    10
  Eat: Chunk             |     4 |     6 |    13 ||    23
       Ration            |       |     1 |     4 ||     5
Armor: Animal skin       |    12 |     2 |       ||    14
       Chain mail        |       |    41 |   133 ||   174
Dodge: Dodged            |    43 |    57 |   110 ||   210
